 Dungeon Crawl Stone Soup version 0.23.0-3-gf3c87f2 (webtiles) character file.

Game seed: 3411908686443162948

4865 SeriousVitamin the Arsonist (level 10, -6/50 HPs)
             Began as a Deep Elf Fire Elementalist on Feb 22, 2019.
             Was an Initiate of Vehumet.
             Killed by divine providence
             ... invoked by an orc priest
              (12 damage)
             ... on level 8 of the Dungeon.
             The game lasted 00:22:32 (8601 turns).

SeriousVitamin the Arsonist (DEFE)                  Turns: 8601, Time: 00:22:33

Health: -6/50      AC:  6    Str:  5    XL:     10   Next: 26%
Magic:  22/25      EV: 13    Int: 29    God:    Vehumet [......]
Gold:   421        SH:  0    Dex: 15    Spells: 14/27 levels left

rFire    . . .     SeeInvis .   p - +0 hand axe (venom)
rCold    . . .     Gourm    .   (no shield)
rNeg     . . .     Faith    .   a - +2 robe
rPois    .         Spirit   .   x - +1 helmet
rElec    .         Reflect  .   (no cloak)
rCorr    .         Harm     .   (no gloves)
MR       +....                  (no boots)
Stlth    ++........             (no amulet)
HPRegen  0.16/turn              (no ring)
MPRegen  0.19/turn              (no ring)

@: brilliant, hasted, very quick
A: no striking features
a: Renounce Religion


You were on level 8 of the Dungeon.
You worshipped Vehumet.
Vehumet was noncommittal.
You were near starving.

You visited 2 branches of the dungeon, and saw 9 of its levels.

You collected 421 gold pieces.

Inventory:

Hand Weapons
 p - a +0 hand axe of venom (weapon)
Armour
 a - a +2 robe (worn)
 x - a +1 helmet (worn)
Wands
 l - a wand of digging (4)
 r - a wand of flame (28)
 s - a wand of random effects (12)
Scrolls
 b - 3 scrolls of amnesia
 e - 2 scrolls of remove curse
 h - 8 scrolls of teleportation
 j - 2 scrolls of blinking {unknown}
 o - a scroll of enchant weapon {unknown}
 u - 2 scrolls of random uselessness {unknown}
 v - 2 scrolls of magic mapping {unknown}
 w - 2 scrolls of acquirement {unknown}
Potions
 d - a potion of cancellation
 f - 2 potions of mutation
 g - a potion of flight
 k - a potion of brilliance
 m - 3 potions of degeneration {unknown}
 n - 2 potions of might
 q - a potion of lignification {unknown}
 t - a potion of haste
Comestibles
 c - 17 rations


   Skills:
 - Level 2.4 Dodging
 - Level 2.4 Stealth
 + Level 9.4 Spellcasting
 * Level 10.5 Conjurations
 * Level 10.9 Fire Magic


You had 14 spell levels left.
You knew the following spells:

 Your Spells              Type           Power        Failure   Level  Hunger
a - Flame Tongue          Conj/Fire      #####        1%          1    None
c - Conjure Flame         Conj/Fire      #######.     1%          3    None
e - Sticky Flame          Conj/Fire      #######.     1%          4    None
f - Fireball              Conj/Fire      #######...   1%          5    ####...

Your spell library contained the following spells:

 Spells                   Type           Power        Failure   Level  Hunger
 Sting                    Conj/Pois      ####         1%          1    None
 Throw Flame              Conj/Fire      ######       1%          2    None
 Inner Flame              Hex/Fire       ######..     1%          3    None


Dungeon Overview and Level Annotations

Branches:
Dungeon (8/15)             Temple (1/1) D:7
   Lair: D:8-11

Altars:
Ashenzari
Dithmenos
Elyvilon
Fedhas
Gozag
Hepliaklqana
Kikubaaqudgha
Nemelex Xobeh
Qazlal
Trog
Vehumet
Xom
Yredelemnul
Zin

Annotations:
D:8 1 runed translucent door, exclusion: 9 doors


Message History

Aim: a wraith (moderately damaged)
Okay, then.
The wraith hits you!
* * * LOW HITPOINT WARNING * * *
You feel yourself speed up. The wraith misses you.
There is an open door here.
An orc comes into view.
It is wielding a +0 whip and wearing a +2 scale mail of magic resistance.
An orc priest comes into view.
The orc shouts!
The orc priest shouts!
You hear a shout!
The orc throws a stone.
The stone hits you.
* * * LOW HITPOINT WARNING * * *
An ice beast and an orc priest come into view.
The orc throws a stone.
The stone hits you but does no damage.
The ice beast moves out of view.
You see here a stone.
You feel yourself speed up.
The orc throws a stone.
The stone hits you but does no damage.
The orc priest invokes the aid of Beogh against you.
Beogh smites you!
You die...

...# #.##....#.#.#.#.#. #..#
#.##....+#.#.#.#.# #..#
#.##....#.#.#.#.#.
#.#.###..####.#......#.#.#.#.#
.......<..........###.#.#.#.#.
#.#.#.#.##........##.#.#.#.#.#
# #.##........###)#.#.#.#.
#.#####'######.#.#.#.#.#
#.#####@# ##.#.#.#.#.
#....o.(#### #.#.#.#.#.#
.........W..# ##.#.#.#.#.
............###.#.#[#.#.#
....o........###.#.#.#.#.
..o#########.######...... ..
#8.8# ####### . ##'## .... ##
#.# ###.


You could see a wraith, 2 orc priests and an orc.

Vanquished Creatures
  5 gargoyles (D:7)
  Grinder (D:4)
  A wraith (D:8)
  A fire bat (D:8)
  A hungry ghost (D:4)
  2 ice beasts
  A sky beast (D:5)
  A phantom (D:5)
  4 ogres
  A centaur (D:7)
  A big kobold (D:7)
  A bullfrog (D:7)
  A gnoll sergeant (D:5)
  A water moccasin skeleton (D:6)
  3 scorpions
  5 wights (D:6)
  3 electric eels (D:5)
  3 crimson imps
  4 hounds
  2 jellies (D:5)
  A bullfrog skeleton (D:8)
  2 orc priests
  12 orc wizards
  Ijyb (D:4)
  2 iguanas
  6 worker ants
  2 killer bee zombies
  A hound zombie (D:8)
  A worker ant zombie (D:7)
  6 gnolls (D:5)
  9 adders
  A shadow imp (D:6)
  3 oozes
  An adder zombie (D:7)
  An adder skeleton (D:7)
  5 worms
  A dart slug (D:5)
  5 leopard geckos
  28 orcs
  6 giant cockroaches
  7 goblins
  6 hobgoblins
  2 jackals (D:4)
  3 quokkas
  4 ball pythons
  4 bats
  4 frilled lizards
  11 kobolds
  2 leopard gecko skeletons
  9 rats
  A butterfly (D:7)
189 creatures vanquished.

Notes
Turn   | Place    | Note
-------+----------+-------------------------------------------
     0 | D:1      | SeriousVitamin the Deep Elf Fire Elementalist began the
                  | quest for the Orb.
     0 | D:1      | Reached XP level 1. HP: 10/10 MP: 6/6
   165 | D:1      | Reached XP level 2. HP: 15/15 MP: 2/8
   966 | D:2      | Reached XP level 3. HP: 14/19 MP: 5/10
  1023 | D:2      | Learned a level 3 spell: Conjure Flame
  1545 | D:3      | Reached XP level 4. HP: 24/24 MP: 9/11
  2088 | D:4      | Reached XP level 5. HP: 28/28 MP: 10/13
  2394 | D:4      | Reached skill level 5 in Fire Magic
  2401 | D:4      | Learned a level 4 spell: Sticky Flame
  2527 | D:4      | Reached XP level 6. HP: 24/32 MP: 4/15
  2678 | D:4      | Noticed Ijyb
  2691 | D:4      | Killed Ijyb
  2903 | D:4      | Found a basalt altar of Yredelemnul.
  2904 | D:4      | Found a shadowy altar of Dithmenos.
  2929 | D:4      | Reached skill level 5 in Spellcasting
  3025 | D:4      | Noticed a hungry ghost
  3033 | D:4      | Killed a hungry ghost
  3033 | D:4      | Reached skill level 5 in Conjurations
  3033 | D:4      | Reached XP level 7. HP: 31/36 MP: 8/17
  3307 | D:4      | Noticed Grinder
  3319 | D:4      | Killed Grinder
  3409 | D:5      | Entered Level 5 of the Dungeon
  3532 | D:5      | Reached XP level 8. HP: 35/41 MP: 12/19
  4168 | D:5      | Found a transporter.
  4219 | D:5      | HP: 2/41 [electric eel/bolt of electricity (13)]
  4526 | D:5      | Found a transporter.
  4838 | D:5      | Found a blossoming altar of Fedhas.
  5028 | D:6      | Learned a level 5 spell: Fireball
  5038 | D:6      | Reached XP level 9. HP: 45/45 MP: 12/22
  5396 | D:6      | Got a warped war axe
  5501 | D:6      | Found a blossoming altar of Fedhas.
  5580 | D:6      | Found a glowing silver altar of Zin.
  5739 | D:6      | Identified the cursed +1 war axe of Purpose {chop, rF-
                  | rC+++ Int-4 Dex+4} (You found it on level 6 of the Dungeon)
  5933 | D:7      | Found a shimmering altar of Xom.
  5976 | D:7      | Found a staircase to the Ecumenical Temple.
  5999 | Temple   | Entered the Ecumenical Temple
  6010 | Temple   | Became a worshipper of Vehumet
  6528 | D:7      | Noticed a gargoyle
  6534 | D:7      | Noticed a gargoyle
  6783 | D:7      | Found a sparkling altar of Nemelex Xobeh.
  6904 | D:7      | Noticed a gargoyle
  6908 | D:7      | Killed a gargoyle
  7125 | D:7      | Noticed a gargoyle
  7129 | D:7      | Killed a gargoyle
  7129 | D:7      | Reached skill level 10 in Fire Magic
  7129 | D:7      | Noticed a gargoyle
  7177 | D:7      | Killed a gargoyle
  7504 | D:7      | Killed a gargoyle
  7504 | D:7      | Reached skill level 10 in Conjurations
  7504 | D:7      | Reached XP level 10. HP: 50/50 MP: 15/25
  7523 | D:7      | Killed a gargoyle
  8246 | D:8      | Found a runed translucent door.
  8260 | D:8      | Reached * piety under Vehumet
  8260 | D:8      | Offered knowledge of Sting by Vehumet.
  8355 | D:8      | Found a white marble altar of Elyvilon.
  8378 | D:8      | Noticed a flayed ghost
  8601 | D:8      | Killed from afar by an orc priest

Skill      XL: |  1  2  3  4  5  6  7  8  9 |
---------------+----------------------------+-----
Conjurations   | 2 3 4 5 6 8 10 | 10.5
Fire Magic     | 4 5 6 7 8 10 | 10.9
Spellcasting   | 4 5 6 7 9 |  9.4
Dodging        | |  2.4
Stealth        | |  2.4

Action                   |  1- 3 |  4- 6 |  7- 9 | 10-12 || total
-------------------------+-------+-------+-------+-------++-------
Melee: Unarmed           |     1 |     1 |       |       ||     2
       Hand axe          |       |       |    28 |    71 ||    99
 Cast: Flame Tongue      |    72 |    95 |   224 |    45 ||   436
       Conjure Flame     |       |     2 |     9 |       ||    11
       Sticky Flame      |       |     2 |    12 |     6 ||    20
       Fireball          |       |       |    13 |     4 ||    17
  Use: Scroll            |     7 |     3 |     5 |       ||    15
       Potion            |       |     1 |       |     9 ||    10
 Stab: Sleeping          |       |       |     1 |       ||     1
  Eat: Chunk             |     1 |     6 |    13 |     2 ||    22
       Ration            |       |       |     2 |       ||     2
Armor: Robe              |     2 |     3 |    17 |    43 ||    65
Dodge: Dodged            |    12 |    22 |    54 |    75 ||   163
